 Dungeon Crawl Stone Soup version 0.30.0-29-ga12c61a403 (webtiles) character file.

Game seed: 16789142098767258936

5089 JanusIIV the Grappler (level 10, 0/100 HPs)
             Began as a Troll Fighter on June 6, 2023.
             Was a Believer of Wu Jian.
             Slain by a centaur warrior
             ... wielding a +1 demon trident of freezing
              (1 damage)
             ... on level 9 of the Dungeon.
             The game lasted 00:11:47 (7182 turns).

JanusIIV the Grappler (Troll Fighter)               Turns: 7182, Time: 00:11:52

Health: 0/100      AC:  4    Str: 32    XL:     10   Next: 31%
Magic:  9/9        EV:  9    Int:  8    God:    Wu Jian [**....]
Gold:   503        SH:  9    Dex:  9    Spells: 9/9 levels left

rFire   . .          .
                       - Unarmed
rCold   . . .        b - +0 kite shield
rNeg    . . .        a - +0 robe
rPois   .            (helmet restricted)
rElec   .            (no cloak)
rCorr   .            (gloves unavailable)
SInv    .            (boots unavailable)
Will    +....        t - amulet of regeneration
Stlth   +            A - +6 ring of strength
HPRegen 1.96/turn    y - ring of willpower
MPRegen 0.11/turn

%: no passive effects
@: invisible
A: large, unfitting armour, claws 3, regeneration 1, shaggy fur 1, tough skin 1
a: Renounce Religion, Wall Jump


You were on level 9 of the Dungeon.
You worshipped Wu Jian.
Wu Jian was pleased with you.
You visited 2 branches of the dungeon, and saw 10 of its levels.

You collected 503 gold pieces.

Inventory:

Armour
 a - a +0 robe (worn)
 b - a +0 kite shield (worn)
 k - a scarf of shadows
Jewellery
 h - a ring of wizardry
 o - a ring of magical power
 s - the ring "Cetapn" {rF- rN+ Dex+5}
   (You found it on level 5 of the Dungeon)

   [ring of positive energy]

   Dex:       It affects your dexterity (+5).
   rF:        It makes you vulnerable to fire.
   rN:        It protects you from negative energy.
 t - an amulet of regeneration (around neck)
 y - a ring of willpower (right claw)
 A - a +6 ring of strength (left claw)
Wands
 p - a wand of polymorph (7)
 v - a wand of flame (22)
Scrolls
 e - 7 scrolls of teleportation
 g - 4 scrolls of identify
 i - a scroll of blinking {unknown}
 j - a scroll of enchant armour {unknown}
 n - a scroll of vulnerability
 q - 3 scrolls of immolation {unknown}
 u - a scroll of enchant weapon {unknown}
 w - a scroll of amnesia {unknown}
 B - a scroll of poison {unknown}
Potions
 c - 3 potions of might
 d - a potion of invisibility
 f - 3 potions of flight
 l - 4 potions of curing
 m - 3 potions of brilliance
 r - a potion of attraction
 x - a potion of lignification
 z - a potion of cancellation
 C - a potion of haste {unknown}


   Skills:
 + Level 6.6 Fighting
 + Level 4.2 Dodging
 + Level 7.3 Shields
 * Level 10.6 Unarmed Combat


You had 9 spell levels left.
You didn't know any spells.
Your spell library contained the following spells:

 Spells                   Type           Power      Damage    Failure   Level
 Dazzling Flash           Conj/Hex       0%         N/A       91%         3
 Petrify                  Tmut/Erth      0%         N/A       100%        4
 Agony                    Necr           0%         N/A       100%        5
 Metabolic Englaciation   Hex/Ice        0%         N/A       100%        5
 Silence                  Hex/Air        0%         N/A       100%        5
 Statue Form              Tmut/Erth      0%         N/A       100%        6


Dungeon Overview and Level Annotations

Branches:
Dungeon (9/15)             Temple (1/1) D:5            Lair (0/5) D:8
    Orc: D:9-12

Altars:
Ashenzari
Dithmenos
Elyvilon
Fedhas
Gozag
Hepliaklqana
Kikubaaqudgha
Makhleb
Nemelex Xobeh
Okawaru
Qazlal
Ru
Sif Muna
Trog
Uskayaw
Vehumet
Wu Jian
Xom
Yredelemnul
Zin
The Shining One

Shops:
D:7 *


Innate Abilities, Weirdness & Mutations

You are too large for most types of armour.
You have claws for hands.
Your natural rate of healing is unusually fast.
You are covered in fur. (AC +1)
You have tough skin. (AC +1)


Message History

The slime creature hits you!
You fade into invisibility!
The centaur warrior unwields a +1 demon trident of freezing.
The centaur warrior wields a +0 longbow.
The centaur warrior shoots an arrow.
The arrow hits the cyclops!
You block the slime creature's attack.
You hear a horrible gurgling sound!
You feel better.
The centaur warrior shoots an arrow.
The arrow hits the cyclops!!
The slime creature hits you!!
* * * LOW HITPOINT WARNING * * *
You feel better.
A white ugly thing comes into view.
The centaur warrior shoots an arrow.
The arrow hits the slime creature!!
The slime creature dies!
The centaur warrior unwields a +0 longbow.
The centaur warrior wields a +1 demon trident of freezing.
It glows with a cold blue light!
The centaur warrior hits you with a +1 demon trident of freezing!
* * * LOW HITPOINT WARNING * * *
The centaur warrior freezes you.
* * * LOW HITPOINT WARNING * * *
The centaur warrior kicks you.
* * * LOW HITPOINT WARNING * * *
You see here 4 large rocks.
You mangle the centaur warrior!!
The centaur warrior is heavily wounded.
The cyclops throws a large rock.
The large rock hits the centaur warrior.
You block the centaur warrior's attack. x2
You scratch the centaur warrior.
The centaur warrior is heavily wounded.
You block the centaur warrior's attack. The centaur warrior kicks you.
* * * LOW HITPOINT WARNING * * *
You scratch the centaur warrior but do no damage.
The centaur warrior is heavily wounded.
The white ugly thing gurgles horribly!
The centaur warrior hits you with a +1 demon trident of freezing!!
* * * LOW HITPOINT WARNING * * *
The centaur warrior freezes you.
You die...

##.. #.# ##..# #.#
###...# #.# #..... #.#
#...#######.#
#....$.....# #
#..........#
...##.##).........#
.⌠...Cc@..........#
...##u##..........# #
#..........#
#..........#
#...........#
##............######
###..............<....
........>..#####.#####
...........# #.#


You could see a white ugly thing (wandering, unable to see you), a centaur
warrior (unable to see you) and a cyclops (unable to see you).

Vanquished Creatures
  A deep elf zephyrmancer (D:6)
  A cyclops (D:9)
  Joseph (D:7)
  Sigmund (D:2)
  4 yaks (D:8)
  A steam dragon (D:4)
  The ghost of Fractals the Magician, an amateur HuHW (D:4)
  A water moccasin (D:6)
  An orc warrior (D:7)
  An ice beast (D:8)
  2 black bears
  2 sky beasts
  3 centaurs
  An ogre (D:6)
  A phantom (D:7)
  3 kobold brigands
  3 bullfrogs
  A gnoll sergeant (D:6)
  3 scorpions
  3 howler monkeys (D:7)
  4 jellies
  4 orc priests
  2 hounds
  2 gnoll boudas (D:7)
  Jessica (D:3)
  Terence (D:2)
  8 orc wizards
  Natasha (twice) (D:4)
  3 iguanas
  16 gnolls
  5 adders
  A river rat (D:4)
  A white imp (D:8)
  2 ufetubi
  5 worms
  4 dart slugs
  22 orcs
  2 bats (D:2)
  6 endoplasms
  2 giant cockroaches (D:4)
  4 hobgoblins
  4 jackals (D:4)
  2 quokkas
  6 ball pythons
  2 frilled lizards
  7 goblins
  17 kobolds
  3 rats
173 creatures vanquished.

Vanquished Creatures (others)
  A slime creature (D:9)
1 creature vanquished.

Grand Total: 174 creatures vanquished

Notes
Turn   | Place    | Note
-------+----------+-------------------------------------------
     0 | D:1      | JanusIIV the Troll Fighter began the quest for the Orb.
     0 | D:1      | Reached XP level 1. HP: 22/22 MP: 0/0
   584 | D:1      | Reached XP level 2. HP: 29/29 MP: 1/1
   829 | D:2      | Noticed Terence
   838 | D:2      | Killed Terence
   839 | D:2      | Reached skill level 3 in Unarmed Combat
   839 | D:2      | Reached XP level 3. HP: 36/36 MP: 2/2
  1384 | D:2      | Noticed Sigmund
  1390 | D:2      | Killed Sigmund
  1391 | D:2      | Reached skill level 4 in Unarmed Combat
  1391 | D:2      | Reached XP level 4. HP: 45/45 MP: 3/3
  1391 | D:2      | Reached XP level 5. HP: 53/53 MP: 4/4
  1772 | D:3      | Noticed Jessica
  1774 | D:3      | Killed Jessica
  1840 | D:3      | Reached XP level 6. HP: 61/61 MP: 5/5
  1901 | D:3      | Reached skill level 5 in Unarmed Combat
  2079 | D:3      | Found a shimmering blue altar of Sif Muna.
  2207 | D:3      | Found a faded altar of an unknown god.
  2617 | D:4      | Found a runed translucent door.
  2619 | D:4      | Noticed Fractals's ghost (amateur HuHW)
  2704 | D:4      | Noticed a steam dragon
  2714 | D:4      | Noticed Natasha
  2749 | D:4      | Reached XP level 7. HP: 58/68 MP: 6/6
  3078 | D:4      | Found a runed translucent door.
  3171 | D:4      | Killed Natasha
  3289 | D:4      | Killed a steam dragon
  3290 | D:4      | Reached skill level 6 in Unarmed Combat
  3438 | D:4      | Killed Fractals's ghost
  3448 | D:4      | Noticed Natasha
  3462 | D:4      | Killed Natasha
  3507 | D:5      | Entered Level 5 of the Dungeon
  3559 | D:5      | Identified the ring "Cetapn" {rF- rN+ Dex+5}
  3615 | D:5      | Found a staircase to the Ecumenical Temple.
  3633 | Temple   | Entered the Ecumenical Temple
  3891 | D:5      | Reached skill level 5 in Shields
  3927 | D:5      | Reached XP level 8. HP: 77/79 MP: 7/7
  3996 | D:5      | Found a blossoming altar of Fedhas.
  3999 | D:5      | Found a stormy altar of Qazlal.
  4002 | D:5      | Found an ornate altar of the Wu Jian Council.
  4004 | D:5      | Found a shimmering altar of Xom.
  4004 | D:5      | Found an opulent altar of Gozag.
  4004 | D:5      | Found a broken altar of Ashenzari.
  4007 | D:5      | Became a worshipper of the Wu Jian Council
  4009 | D:5      | Found a hazy altar of Hepliaklqana.
  4010 | D:5      | Found a radiant altar of Vehumet.
  4011 | D:5      | Found a sacrificial altar of Ru.
  4012 | D:5      | Found a basalt altar of Yredelemnul.
  4013 | D:5      | Found a burning altar of Makhleb.
  4087 | D:5      | Reached skill level 7 in Unarmed Combat
  4312 | D:6      | Reached * piety under Wu Jian
  4332 | D:6      | Reached skill level 5 in Fighting
  4371 | D:6      | Reached skill level 8 in Unarmed Combat
  4610 | D:6      | Noticed a deep elf zephyrmancer
  4617 | D:6      | Killed a deep elf zephyrmancer
  4618 | D:6      | Reached XP level 9. HP: 13/88 MP: 8/8
  5087 | D:7      | Reached skill level 9 in Unarmed Combat
  5529 | D:7      | Found Roasahih's Assorted Antiques.
  5564 | D:7      | Noticed Joseph
  5578 | D:7      | Killed Joseph
  5578 | D:7      | Reached ** piety under Wu Jian
  6105 | D:8      | Found a staircase to the Lair.
  6236 | D:8      | Reached skill level 10 in Unarmed Combat
  6353 | D:8      | Reached XP level 10. HP: 73/100 MP: 9/9
  7162 | D:9      | Noticed a cyclops
  7168 | D:9      | Noticed a cyclops
  7170 | D:9      | Noticed a centaur warrior
  7171 | D:9      | Killed a cyclops
  7178 | D:9      | Noticed a white ugly thing
  7182 | D:9      | HP: 1/100 [centaur warrior/+1 demon trident of freezing
                  | (21)]
  7182 | D:9      | Slain by a centaur warrior

Illustrated notes

Levels and vault maps discovered:
D:1:      matt_arrival_grand_opening, layout_basic, serial_bayou_ford_a,
          chequers_serial_rivers_micro_a
D:2:      layout_loops_corners, minmay_misc_feat_x, uniq_terence, uniq_sigmund
D:3:      layout_basic, kennysheep_orc_sif_temple,
          ebering_ecumenical_altar_hall, minmay_misc_feat_four_crosses,
          uniq_jessica
D:4:      layout_basic, ebering_ghost_sewer_f, uniq_natasha
D:5:      layout_rooms, minitemple, minmay_temple_entry_offerings
D:6:      layout_loops_cross, guppyfry_early_elven_hall
D:7:      layout_basic, serial_shops, shop, minmay_crystal_room,
          minmay_misc_feat_cross, reono_crystal_passage, uniq_joseph
D:8:      layout_layer_cave, lair_entry_dummy
D:9:      minmay_the_grid_octo_triangle [minmay_the_grid_octo_pinwheel,
          minmay_the_grid_octo_prize_square_snowflake,
          minmay_the_grid_octo_toaster], layout_small_grid, minmay_orc_keep
Temple:   jpeg_temple_island

Skill      XL: |  1  2  3  4  5  6  7  8  9 10 |
---------------+-------------------------------+-----
Shields        | 3 4 5 6 7 |  7.3
Unarmed Combat | 3 4 5 6 8 10 | 10.6
Fighting       | 3 4 5 6 |  6.6
Dodging        | 3 4 |  4.2

Action                     |  1- 3 |  4- 6 |  7- 9 | 10-12 || total
---------------------------+-------+-------+-------+-------++-------
  Melee: Unarmed           |    51 |    97 |   327 |    48 ||   523
Ability: Lunge             |       |       |    28 |     2 ||    30
         Whirlwind         |       |       |       |     4 ||     4
    Use: Potion            |       |       |     1 |     3 ||     4
         Scroll            |       |       |    10 |       ||    10
   Stab: Sleeping          |     1 |       |       |       ||     1
 Armour: Robe              |     9 |    24 |    69 |     2 ||   104
  Dodge: Dodged            |    13 |    15 |    91 |    11 ||   130
  Block: Kite shield       |    13 |    19 |   113 |    23 ||   168
